 Dungeon Crawl Stone Soup version 0.22-a0-799-g88f5e907b7 (webtiles) character file.

181 Holzbalken the Cudgeler (level 5, -2/32 HPs)
             Began as a Gargoyle Monk on July 21, 2018.
             Killed by divine providence
             ... invoked by an orc priest
              (12 damage)
             ... on level 4 of the Dungeon.
             The game lasted 00:09:59 (2734 turns).

Holzbalken the Cudgeler (Gargoyle Monk)             Turns: 2734, Time: 00:10:00

Health: -2/32      AC: 16    Str: 15    XL:     5   Next: 61%
Magic:  5/5        EV:  4    Int: 11    God:
Gold:   110        SH:  0    Dex: 12    Spells: 4/4 levels left

rFire    . . .     SeeInvis .   a - +0 mace
rCold    . . .     Gourm    .   (no shield)
rNeg     + . .     Faith    .   f - +0 plate armour
rPois    ∞         Spirit   .   (no helmet)
rElec    +         Reflect  .   o - +1 cloak
rCorr    .         Harm     .   (no gloves)
MR       .....                  (no boots)
Stlth    ..........             (no amulet)
HPRegen  0.10/turn              t - ring of stealth
MPRegen  0.09/turn              (no ring)

@: no status effects
A: negative energy resistance 1, electricity resistance, unbreathing,
petrification resistance, rot immunity, AC +4
a: no special abilities


You were on level 4 of the Dungeon.
You were not hungry.

You visited 1 branch of the dungeon, and saw 4 of its levels.

You collected 110 gold pieces.

Inventory:

Hand Weapons
 a - a +0 mace (weapon)
Armour
 b - a +0 robe
 d - a +0 leather armour
 f - a +0 plate armour (worn)
 o - a +1 cloak (worn)
Jewellery
 t - a ring of stealth (left hand)
Scrolls
 e - 4 scrolls of remove curse
 h - 3 scrolls of identify
 l - a scroll of enchant armour
 p - a scroll of teleportation
Potions
 i - 2 potions of ambrosia
 j - 3 potions of heal wounds {unknown}
 k - a potion of haste {unknown}
 m - a potion of cancellation {unknown}
 n - a potion of agility {unknown}
 s - a potion of degeneration {unknown}
 u - a potion of brilliance {unknown}
Comestibles
 c - 9 rations
 q - 3 chunks of flesh


   Skills:
 - Level 3.2 Fighting
 + Level 6.1 Maces & Flails
 - Level 2.4 Dodging
 - Level 2.1 Stealth


You had 4 spell levels left.
You didn't know any spells.
Your spell library was empty.

Dungeon Overview and Level Annotations

Branches:
Dungeon (4/15)
 Temple: D:4-7

Altars:


Innate Abilities, Weirdness & Mutations

You are resistant to torment.
Your stone body is resilient. (AC +4)
You are immune to poison.
You resist negative energy. (rN+)
You are resistant to electric shocks. (rElec)
You can survive without breathing.
You are immune to petrification.
You are immune to rotting.


Message History

The orc priest calls down the wrath of Beogh upon you.
Beogh smites you!
You hit the orc priest.
The orc priest is heavily wounded.
The orc priest hits you but does no damage.
The orc priest calls down the wrath of Beogh upon you.
Beogh smites you!
* * * LOW HITPOINT WARNING * * *
The orc priest hits you but does no damage.
You sock the orc priest!
The orc priest is almost dead.
An orc wizard comes into view. It is wielding a dagger.
The orc priest casts a cantrip, but nothing happens.
The orc priest mumbles some strange prayers to Beogh against you.
You barely resist.
Your plate armour prevents you from hitting the orc priest.
The orc priest is almost dead.
The orc priest invokes the aid of Beogh against you.
Beogh smites you!
You die...

... ..> #.# #.# #.#
##########.#########
..........#.........
##.##.#.##......# #
#@##..........
#o##......#..#
#o##......# #
#o####.#### #.# #.#
#.# #.# #o# #o# ...


You could see 3 orc priests and an orc wizard.

Vanquished Creatures
  A worker ant (D:4)
  4 gnolls
  4 adders
  4 worms
  A dart slug (D:1)
  4 leopard geckos
  2 orcs (D:3)
  6 bats
  7 giant cockroaches
  3 goblins
  14 hobgoblins
  7 kobolds
  5 frilled lizards
  3 rats
65 creatures vanquished.

Notes
Turn   | Place    | Note
-------+----------+-------------------------------------------
     0 | D:1      | Holzbalken the Gargoyle Monk began the quest for the Orb.
     0 | D:1      | Reached XP level 1. HP: 14/14 MP: 1/1
   177 | D:1      | Reached XP level 2. HP: 19/19 MP: 2/2
   498 | D:1      | Reached skill level 4 in Maces & Flails
   518 | D:1      | Reached XP level 3. HP: 22/23 MP: 3/3
  1128 | D:2      | Reached XP level 4. HP: 20/28 MP: 4/4
  1137 | D:2      | Reached skill level 5 in Maces & Flails
  1139 | D:2      | HP: 1/28 [gnoll/spear (4)]
  1881 | D:3      | Reached XP level 5. HP: 26/32 MP: 5/5
  2593 | D:4      | Reached skill level 6 in Maces & Flails
  2734 | D:4      | Killed from afar by an orc priest

Vault maps used:
D:1:      lightli_iron_boxes
D:2:      st_stairs_2
D:3:      first_ration, serial_bayou_pond_b, grunt_decor_mini_mirrors,
          minmay_misc_feat_columns
D:4:      minmay_temple_entry_grid, palyth_stone_intersect,
          minmay_misc_feat_square, uniq_grinder, uniq_natasha

Skill      XL: |  1  2  3  4  5 |
---------------+----------------+-----
Maces & Flails | 4 5 6 |  6.1
Fighting       | |  3.2
Dodging        | |  2.4
Stealth        | |  2.1

Action                   |  1- 3 |  4- 6 || total
-------------------------+-------+-------++-------
Melee: Mace              |   130 |   185 ||   315
  Use: Scroll            |       |     7 ||     7
  Eat: Chunk             |     1 |     5 ||     6
Armor: Plate armour      |   143 |   188 ||   331
Dodge: Dodged            |    37 |    30 ||    67

Table legend:
 A = Spawn XP
 B = Non-spawn XP
 C = Spawn XP percentage of total XP
 D = Spawn monster count
 E = Non-spawn monster count
 F = Spawn count percentage of total count
 G = Total turns spent on level
                    A         B        C        D         E        F      G
               +---------+---------+-------+---------+---------+-------+---------
         Total |       0 |     259 |   0.0 |       0 |      65 |   0.0 |  2734
               +---------+---------+-------+---------+---------+-------+---------
           D:1 |       0 |      55 |   0.0 |       0 |      23 |   0.0 |   896
           D:2 |       0 |      98 |   0.0 |       0 |      19 |   0.0 |   878
           D:3 |       0 |      73 |   0.0 |       0 |      22 |   0.0 |   805
           D:4 |       0 |      33 |   0.0 |       0 |       1 |   0.0 |   155
               +---------+---------+-------+---------+---------+-------+---------
